 Dungeon Crawl Stone Soup version 0.31-a0-1589-g8f5e8aebd6 (webtiles) character file.

Game seed: 11710563538938134058

2 Fodor the Magician (level 1, 0/14 HPs)
             Began as a Draconian Hedge Wizard on Jan 5, 2024.
             Slain by an endoplasm (2 damage)
             ... on level 1 of the Dungeon.
             The game lasted 00:04:02 (199 turns).

Fodor the Magician (Draconian Hedge Wizard)          Turns: 199, Time: 00:04:02

Health: 0/14       AC:  4    Str: 12    XL:     1   Next: 25%
Magic:  3/4        EV: 12    Int: 14    God:
Gold:   0          SH:  0    Dex: 10    Spells: 4/6 levels left

rFire   . . .        e - +0 short sword
rCold   . . .        (no shield)
rNeg    . . .        (body armour unavailable)
rPois   .            b - +0 hat
rElec   .            (no cloak)
rCorr   .            (no gloves)
SInv    .            (no boots)
Will    .....        (no amulet)
Stlth   ++           (no ring)
HPRegen 0.22/turn    (no ring)
MPRegen 0.09/turn

%: no passive effects
@: slowed, very slow
A: AC +4, unfitting armour, cold-blooded
a: no special abilities


You were on level 1 of the Dungeon.
You visited 1 branch of the dungeon, and saw 1 of its levels.

Inventory:

Hand Weapons
 e - a +0 short sword (weapon)
Armour
 b - a +0 hat (worn)
Potions
 c - a potion of magic
 d - a potion of might {unknown}


   Skills:
 + Level 1.7 Dodging
 + Level 1.9 Stealth
 + Level 3.0 Spellcasting
 + Level 1.0 Conjurations
 + Level 1.0 Summonings
 + Level 1.0 Translocations


You had 4 spell levels left.
You knew the following spells:

 Your Spells              Type           Power      Damage    Failure   Level
a - Magic Dart            Conj           16%        1d3       14%         1
b - Slow                  Hex            8%         N/A       22%         1

Your spell library contained the following spells:

 Spells                   Type           Power      Damage    Failure   Level
 Blink                    Tloc           8%         N/A       22%         2
 Call Imp                 Summ           8%         N/A       22%         2
 Cigotuvi's Dreadful Rot  Necr/Alch/Air  4%         N/A       32%         2
 Mephitic Cloud           Conj/Alch/Air  3%         N/A       50%         3


Dungeon Overview and Level Annotations

Branches:
Dungeon (1/15)

Altars:


Innate Abilities, Weirdness & Mutations

Your plain brown scales are hard. (AC +4)
You cannot fit into any form of body armour.
You are cold-blooded and may be slowed by cold attacks.


Message History

The quokka is almost dead.
The quokka bites you but does no damage.
You hit the quokka but do no damage. You tail-slap the quokka.
You kill the quokka!
Your magical contamination has completely faded away.
You start resting.
Magic restored.
An endoplasm comes into view.
The endoplasm quivers.
You barely miss the endoplasm.
You tail-slap the endoplasm, but do no damage.
The endoplasm barely misses you.
You hit the endoplasm but do no damage. The endoplasm freezes you.
You are frozen.
You feel yourself slow down.
You hit the endoplasm but do no damage. The endoplasm hits you.
The endoplasm hits you but does no damage.
You hit the endoplasm.
The endoplasm is heavily wounded.
The endoplasm hits you.
You barely miss the endoplasm.
The endoplasm is heavily wounded.
The endoplasm misses you. The endoplasm closely misses you.
You barely miss the endoplasm.
The endoplasm is heavily wounded.
You feel yourself speed up. The endoplasm freezes you.
You are frozen.
* * * LOW HITPOINT WARNING * * *
You feel yourself slow down.
Aiming: Magic Dart (safe; 14% risk of failure)
Press: ? - help, Q - select action, (/) - cycle Shift-Dir - straight line, f - endoplasm
Aim: an endoplasm (heavily wounded, 100% to hit)
The magic dart hits the endoplasm.
The endoplasm is almost dead.
The endoplasm freezes you.
You are frozen.
* * * LOW HITPOINT WARNING * * *
The endoplasm hits you.
You die...

#......# #......#
#......# #......
#.....####
#......~.# #.....~.#
#.@J..≈.#
######..###≈##
..........# #######
#####.....#
######......
#.....###.......####
#......########.#
#......# #.#
#......# #####.#
#......# #.....#


You could see an endoplasm.

Vanquished Creatures
  A quokka (D:1)
  A ball python (D:1)
2 creatures vanquished.

Notes
Turn   | Place    | Note
-------+----------+-------------------------------------------
     0 | D:1      | Fodor the Draconian Hedge Wizard began the quest for the
                  | Orb.
     0 | D:1      | Reached XP level 1. HP: 14/14 MP: 4/4
    52 | D:1      | Learned a level 1 spell: Slow
   199 | D:1      | Slain by an endoplasm

Illustrated notes

Levels and vault maps discovered:
D:1:      minmay_arrival_stone_box, layout_basic,
          shapermc_ecumenical_altar_petra, chequers_serial_rivers_micro_b,
          chequers_serial_rivers_micro_a, nicolae_hexahallways,
          chequers_serial_rivers_micro_d, minmay_bisected

Action                     || total
---------------------------++-------
  Melee: Short sword       ||    18
         Tailslap          ||     4
   Cast: Magic Dart        ||     1
 Armour: Skin              ||    14
  Dodge: Dodged            ||     7

Table legend: (Time is in decaauts)
 A = Elapsed time spent in this place.
 B = Non-inter-level travel time spent in this place.
 C = Inter-level travel time spent in this place.
 D = Time resting spent in this place.
 E = Time spent auto-exploring this place.
 F = Levels seen in this place.
 G = Mean time per level.
                   A        B        C        D        E       F      G
               +--------+--------+--------+--------+--------+-----+--------+
         Total |    201 |    201 |      0 |      2 |      0 |   1 |  201.0 |
       Dungeon |    201 |    201 |      0 |      2 |      0 |   1 |  201.0 |
               +--------+--------+--------+--------+--------+-----+--------+

Top non-repeatable levels by time:
     D:1: 201 daAuts
